 Dungeon Crawl Stone Soup version 0.17.1-1-g73c8601 (webtiles) character file.

3847 trogs the Destroyer (level 9, 0/45 HPs)
             Began as a Deep Elf Conjurer on Jan 8, 2016.
             Was a Follower of Vehumet.
             Slain by a wyvern skeleton (11 damage)
             ... on level 8 of the Dungeon.
             The game lasted 01:39:42 (10116 turns).

trogs the Destroyer (Deep Elf Conjurer)            Turns: 10116, Time: 01:39:42

Health: 0/45       AC:  3    Str:  5    XL:     9   Next: 98%
Magic:  0/23       EV: 15    Int: 24    God:    Vehumet [*.....]
Gold:   251        SH:  0    Dex: 15    Spells: 5 memorised, 9 levels left

rFire  . . .     SeeInvis .     n - +0 dagger (flame)
rCold  . . .     Clarity  .     a - +0 robe
rNeg   . . .     SustAt   .     (no shield)
rPois  .         Gourm    .     (no helmet)
rElec  .         Spirit   +     (no cloak)
rCorr  .         Warding  .     i - +0 pair of gloves
rMut   .         Stasis   .     (no boots)
MR     .....                    l - amulet of guardian spirit
Stlth  ++........               (no ring)
                                (no ring)

@: not resistant to hostile enchantments, unstealthy
A: no striking features
a: Renounce Religion


You were on level 8 of the Dungeon.
You worshipped Vehumet.
Vehumet was aware of your devotion.
You were not hungry.

You visited 2 branches of the dungeon, and saw 9 of its levels.
You also visited: Sewer and Ossuary.

You collected 251 gold pieces.

Inventory:

Hand Weapons
 e - a +0 dagger
 k - a +0 whip
 n - a +0 dagger of flaming (weapon)
 C - a +0 scythe
 I - a +0 whip of pain
 O - a +0 blowgun
 P - a +6 hunting sling of flaming
 Q - a +3 quarterstaff of holy wrath
Missiles
 p - 64 stones (quivered)
 G - 25 poisoned needles
 R - 13 sling bullets
Armour
 a - a +0 robe (worn)
 i - a +0 pair of gloves (worn)
 m - a +0 shield
 F - a +2 buckler
 T - the cursed -5 robe of Misfortune {-Cast *Contam *Tele EV-4 Str-2 Int-2 Dex-2 Stlth-- *Curse, unknown}
   (You found it on level 8 of the Dungeon)

   It affects your evasion (-4).
   It affects your strength (-2).
   It affects your intelligence (-2).
   It affects your dexterity (-2).
   It prevents spellcasting.
   It may teleport you next to monsters.
   It may re-curse itself when equipped.
   It causes magical contamination when unequipped.
   It makes you much less stealthy.
   It has a curse placed upon it.
Jewellery
 l - an amulet of guardian spirit (around neck)
 N - an uncursed ring of protection from magic {unknown}
Wands
 B - a wand of magic darts (22)
 L - a wand of polymorph (9)
 M - a wand of confusion (30)
Scrolls
 h - 8 scrolls of identify
 j - 3 scrolls of magic mapping
 v - 2 scrolls of teleportation
 x - a scroll of enchant armour {unknown}
 y - 2 scrolls of noise {unknown}
 A - a scroll of amnesia
 D - a scroll of enchant weapon {unknown}
 E - 2 scrolls of fog {unknown}
 S - a scroll of remove curse
Potions
 d - 2 potions of brilliance
 f - 2 potions of cure mutation
 g - 2 potions of might
 o - a potion of mutation {unknown}
 q - a potion of cancellation {unknown}
 r - a potion of resistance {unknown}
 s - 5 potions of curing
 u - a potion of agility
 H - a potion of lignification {unknown}
 J - 3 potions of flight
 K - a potion of heal wounds
Books
 b - a book of Conjurations

   Spells                             Type                      Level
   a - Magic Dart                     Conjuration                  1
   b - Searing Ray                    Conjuration                  2
   c - Dazzling Spray                 Conjuration/Hexes            3
   d - Fulminant Prism                Conjuration/Hexes            4
   e - Iskenderun's Mystic Blast      Conjuration                  4
   f - Iskenderun's Battlesphere      Conjuration/Charms           5
Miscellaneous
 t - a plain deck of summoning
Comestibles
 c - 3 bread rations
 w - a meat ration
 z - a slice of pizza


   Skills:
 - Level 6.1 Dodging
 - Level 2.4 Stealth
 + Level 8.2 Spellcasting
 * Level 11.7 Conjurations
 - Level 7.0 Charms
 + Level 4.6 Evocations


You had 9 spell levels left.
You knew the following spells:

 Your Spells              Type           Power        Failure   Level  Hunger
a - Magic Dart            Conj           ####         1%          1    None
b - Searing Ray           Conj           ######       1%          2    None
c - Dazzling Spray        Conj/Hex       #####...     1%          3    None
d - Iskenderun's Battles  Conj/Chrm      ######..     4%          5    #####..
e - Iskenderun's Mystic   Conj           ######..     1%          4    ##.....


Dungeon Overview and Level Annotations

Branches:
Dungeon (8/15)             Temple (1/1) D:5
   Lair: D:8-11

Altars:
Ashenzari
Cheibriados
Dithmenos
Elyvilon
Fedhas
Gozag
Kikubaaqudgha
Makhleb
Nemelex Xobeh
Okawaru
Qazlal
Ru
Sif Muna
Trog
Vehumet
Xom
Yredelemnul
Zin
The Shining One


Message History

You kill the orc!
Vehumet accepts your kill.
A wyvern skeleton comes into view.
Casting: Magic Dart
Confirm with . or Enter, or press ? or * to list all spells.
Aiming: Magic Dart
Press: ? - help, Shift-Dir - straight line, f - wyvern skeleton
Aim: a wyvern skeleton The magic dart hits the wyvern skeleton.
Your battlesphere fires!
The barrage of energy hits the wyvern skeleton.
Your battlesphere expends the last of its energy and dissipates.
You hit the wyvern skeleton but do no damage.
The wyvern skeleton misses you.
You hit the wyvern skeleton. You burn the wyvern skeleton.
The wyvern skeleton bites you.
* * * LOW HITPOINT WARNING * * *
You barely miss the wyvern skeleton. The wyvern skeleton barely misses you.
The wyvern skeleton bites you!
You die...

.....
..#.....##..#
..... ###.......#
.o... (....[....#
#.### ###.......#
.# #.......###.# #
###.o.......#
#.........#
########)........#
#....@Z).........#
#########.####..##
#.# .## .[# .# #.#
#.. ..


You could see a wyvern skeleton.

Vanquished Creatures
  Joseph (D:7)
  Sigmund (D:4)
  A wyvern (D:6)
  2 hippogriffs (D:7)
  2 humans (D:7)
  2 orc warriors
  5 ogres
  2 sky beasts
  A phantom (D:5)
  A necrophage (D:5)
  2 elf zombies (Ossuary)
  A giant frog (D:6)
  A big kobold (Sewer)
  A scorpion (D:4)
  3 wights (D:6)
  2 crimson imps
  A centaur zombie (D:7)
  2 human zombies (Ossuary)
  3 jellies
  2 giant frog zombies (D:6)
  A centaur skeleton (D:7)
  2 iguanas
  2 hounds
  2 orc wizards (D:3)
  7 orc priests
  6 worker ants
  A big kobold zombie (Ossuary)
  A hound skeleton (D:4)
  2 mummies (Ossuary)
  2 river rats
  8 adders
  4 gnolls
  2 shadow imps
  An ooze (D:5)
  2 adder zombies (Ossuary)
  4 adder skeletons
  6 worms
  7 giant geckos
  18 orcs
  2 ball pythons
  A bat skeleton (D:2)
  A bat zombie (D:2)
  4 giant cockroaches
  10 goblins
  9 hobgoblins
  7 jackals
  4 quokkas
  8 bats
  A giant cockroach zombie (D:2)
  2 giant gecko skeletons (D:6)
  5 giant newts
  3 goblin zombies (Ossuary)
  13 hobgoblin zombies (Ossuary)
  3 jackal zombies
  10 kobolds
  8 kobold zombies (Ossuary)
  5 orc zombies (Ossuary)
  A quokka skeleton (D:7)
  2 quokka zombies
  14 rats
227 creatures vanquished.

Notes
Turn   | Place    | Note
--------------------------------------------------------------
     0 | D:1      | trogs the Deep Elf Conjurer began the quest for the Orb.
     0 | D:1      | Reached XP level 1. HP: 10/10 MP: 6/6
   105 | D:1      | Reached XP level 2. HP: 9/15 MP: 8/8
   688 | D:1      | Reached XP level 3. HP: 7/19 MP: 7/11
  1253 | D:2      | Learned a level 2 spell: Searing Ray
  1298 | D:2      | Reached skill level 5 in Spellcasting
  1342 | D:2      | Found an ancient bone altar of Kikubaaqudgha.
  1558 | D:2      | Reached XP level 4. HP: 24/24 MP: 8/13
  2005 | D:2      | Found a sparkling altar of Nemelex Xobeh.
  2158 | D:3      | Reached skill level 6 in Spellcasting
  2208 | D:3      | Reached skill level 5 in Conjurations
  2281 | D:3      | Learned a level 3 spell: Dazzling Spray
  2290 | D:3      | Found a stormy altar of Qazlal.
  2302 | D:3      | Reached XP level 5. HP: 24/28 MP: 11/15
  3230 | D:4      | Reached XP level 6. HP: 21/32 MP: 6/17
  3267 | D:4      | Noticed an ogre
  3609 | D:4      | Found a sand-covered staircase.
  3613 | Ossuary  | Entered an ossuary
  4564 | Ossuary  | Reached skill level 7 in Conjurations
  4643 | Ossuary  | Reached XP level 7. HP: 19/36 MP: 7/19
  5146 | D:4      | Killed an ogre
  5436 | D:4      | Noticed Sigmund
  5444 | D:4      | Learned a level 5 spell: Iskenderun's Battlesphere
  5451 | D:4      | Learned a level 4 spell: Iskenderun's Mystic Blast
  5470 | D:4      | Reached skill level 8 in Conjurations
  5501 | D:4      | Killed Sigmund
  5501 | D:4      | Reached skill level 5 in Dodging
  5667 | D:4      | Reached XP level 8. HP: 29/41 MP: 12/20
  5884 | D:5      | Entered Level 5 of the Dungeon
  6110 | D:5      | Found a staircase to the Ecumenical Temple.
  6117 | Temple   | Entered the Ecumenical Temple
  6202 | Temple   | Became a worshipper of Vehumet
  6244 | D:5      | Reached skill level 5 in Charms
  6430 | D:5      | Found a white marble altar of Elyvilon.
  6431 | D:5      | Found a sacrificial altar of Ru.
  6443 | D:5      | Found a blossoming altar of Fedhas.
  6480 | D:5      | Reached skill level 9 in Conjurations
  6922 | D:6      | Found a glowing drain.
  7046 | Sewer    | Entered a sewer
  7249 | Sewer    | Found a white marble altar of Elyvilon.
  7580 | D:6      | Reached * piety under Vehumet
  7580 | D:6      | Offered knowledge of Sandblast by Vehumet.
  7580 | D:6      | Reached skill level 10 in Conjurations
  7616 | D:6      | Reached skill level 1 in Evocations
  7616 | D:6      | Reached XP level 9. HP: 45/45 MP: 16/21
  8419 | D:7      | Noticed Joseph
  8973 | D:7      | Reached skill level 11 in Conjurations
  9158 | D:7      | Killed Joseph
  9591 | D:7      | Found an iron altar of Okawaru.
 10093 | D:8      | Got a wizard robe
 10116 | D:8      | Slain by a wyvern skeleton

Action                   |  1- 3 |  4- 6 |  7- 9 || total
-------------------------+-------+-------+-------++-------
Melee: Dagger            |    57 |   116 |   126 ||   299
       Unarmed           |     4 |       |       ||     4
Throw: Stone             |     1 |       |    12 ||    13
 Cast: Magic Dart        |    60 |    99 |    82 ||   241
       Searing Ray       |     2 |    24 |    61 ||    87
       Dazzling Spray    |       |     3 |    18 ||    21
       Iskenderun's Myst |       |       |     1 ||     1
       Iskenderun's Batt |       |       |     2 ||     2
  Use: Scroll            |       |     7 |     6 ||    13
       Potion            |       |       |     4 ||     4
 Stab: Sleeping          |     3 |     2 |     2 ||     7
       Distracted        |       |     1 |       ||     1
  Eat: Chunk             |     2 |     6 |    12 ||    20
       Bread ration      |       |     1 |     1 ||     2
